 Dungeon Crawl Stone Soup version 0.23.1 (webtiles) character file.

Game seed: 2601315331372033805

284 Borgoz the Cutter (level 6, -6/52 HPs)
             Began as a Ghoul Monk on Mar 17, 2019.
             Mangled by an ogre
             ... wielding a +0 giant club
              (20 damage)
             ... on level 4 of the Dungeon.
             The game lasted 00:04:15 (2725 turns).

Borgoz the Cutter (Ghoul Monk)                      Turns: 2725, Time: 00:04:16

Health: -6/52      AC:  6    Str: 15    XL:     6   Next: 29%
Magic:  5/5        EV: 12    Int:  7    God:
Gold:   136        SH:  0    Dex: 11    Spells: 5/5 levels left

rFire    . . .     SeeInvis +   a - +2 dagger (venom)
rCold    + . .     Gourm    .   (no shield)
rNeg     + + +     Faith    .   i - +0 ring mail
rPois    ∞         Spirit   .   k - +0 helmet {SInv}
rElec    .         Reflect  .   (no cloak)
rCorr    .         Harm     .   (no gloves)
MR       .....                  (no boots)
Stlth    ++........             (no amulet)
HPRegen  0.00/turn              e - ring of wizardry
MPRegen  0.09/turn              (no ring)

@: rotting
A: rotting body, claws 1, carnivore, cold resistance 1, negative energy
resistance 3, inhibited regeneration, torment resistance, unbreathing
a: no special abilities


You were on level 4 of the Dungeon.
You were not hungry.

You visited 1 branch of the dungeon, and saw 4 of its levels.

You collected 136 gold pieces.

Inventory:

Hand Weapons
 a - a +2 dagger of venom (weapon)
Missiles
 r - a throwing net (quivered)
Armour
 i - a +0 ring mail (worn)
 k - a +0 helmet of see invisible (worn)
Jewellery
 e - a ring of wizardry (left claw)
Wands
 t - a wand of polymorph (2)
Scrolls
 f - 4 scrolls of identify {unknown}
 g - a scroll of teleportation {unknown}
 l - 3 scrolls of magic mapping {unknown}
 m - 2 scrolls of immolation {unknown}
 n - 3 scrolls of random uselessness {unknown}
 o - 2 scrolls of enchant armour {unknown}
 p - a scroll of fear {unknown}
 s - a scroll of fog {unknown}
 u - a scroll of remove curse {unknown}
Potions
 b - a potion of heal wounds
 d - a potion of lignification {unknown}
 h - a potion of curing {unknown}
 j - 2 potions of might {unknown}
Comestibles
 c - 5 rations
 q - a chunk of flesh


   Skills:
 + Level 3.9 Fighting
 * Level 3.9 Short Blades
 * Level 2.6 Armour
 * Level 3.8 Dodging
 + Level 3.3 Stealth


You had 5 spell levels left.
You didn't know any spells.
Your spell library was empty.

Dungeon Overview and Level Annotations

Branches:
Dungeon (4/15)
 Temple: D:4-7

Altars:
Makhleb
Xom


Innate Abilities, Weirdness & Mutations

Your body is rotting away.
You thrive on raw meat.
You are immune to poison.
You have sharp fingernails.
You are carnivorous and can eat meat at any time.
Your flesh is cold resistant. (rC+)
You are immune to negative energy. (rN+++)
You do not regenerate when monsters are visible.
You are immune to unholy pain and torment.
You can survive without breathing.


Message History

You eat one of the 6 chunks of flesh.
You feel more resilient.
This raw flesh tastes great!
The ogre hits you with a +0 giant club.
* * * LOW HITPOINT WARNING * * *
Eat one of 5 chunks of flesh? (ye/n/q)
You eat one of the 5 chunks of flesh.
This raw flesh tastes great!
The ogre closely misses you.
Eat one of 4 chunks of flesh? (ye/n/q)
You eat one of the 4 chunks of flesh.
This raw flesh tastes great!
Eat one of 3 chunks of flesh? (ye/n/q)
You eat one of the 3 chunks of flesh.
This raw flesh tastes great!
The hobgoblin no longer looks unusually strong.
The ogre hits you with a +0 giant club!!
* * * LOW HITPOINT WARNING * * *
Eat one of 2 chunks of flesh? (ye/n/q)
Okay, then.
Okay, then.
Eat one of 2 chunks of flesh? (ye/n/q)
You eat one of the 2 chunks of flesh.
This raw flesh tastes great!
The ogre hits you with a +0 giant club!!
You die...

.....>. .......
....... .......
# .....###$####
#..g.......
#.hh# #.#O#
#.#@# #.#)#
#.#.# #.#.#
.######.#.#
#......_..#
######.###
######.#######
#............###


You could see an ogre, 2 jackals and a hobgoblin.

Vanquished Creatures
  2 hounds
  Ijyb (D:3)
  Robin (D:4)
  7 gnolls
  2 adders
  A shadow imp (D:3)
  4 worms
  5 leopard geckos
  An orc (D:3)
  2 ball pythons
  6 bats
  4 giant cockroaches
  14 goblins
  10 hobgoblins
  4 jackals
  A quokka (D:3)
  6 frilled lizards
  6 kobolds
  2 rats
79 creatures vanquished.

Notes
Turn   | Place    | Note
-------+----------+-------------------------------------------
     0 | D:1      | Borgoz the Ghoul Monk began the quest for the Orb.
     0 | D:1      | Reached XP level 1. HP: 19/19 MP: 0/0
   261 | D:1      | Reached XP level 2. HP: 23/24 MP: 1/1
   837 | D:2      | Reached XP level 3. HP: 24/31 MP: 2/2
   882 | D:2      | Reached skill level 1 in Armour
  1472 | D:2      | Reached XP level 4. HP: 38/38 MP: 3/3
  1605 | D:2      | Found a burning altar of Makhleb.
  1824 | D:3      | Reached XP level 5. HP: 18/45 MP: 4/4
  2008 | D:3      | Noticed Ijyb
  2027 | D:3      | Killed Ijyb
  2581 | D:4      | Reached XP level 6. HP: 45/52 MP: 5/5
  2655 | D:4      | Found a shimmering altar of Xom.
  2670 | D:4      | Noticed Robin
  2717 | D:4      | Killed Robin
  2725 | D:4      | Mangled by an ogre

Skill      XL: |  1  2  3  4  5 |
---------------+----------------+-----
Short Blades   | 3 |  3.9
Armour         | 1 2 |  2.6
Dodging        | 3 |  3.8
Stealth        | 3 |  3.3
Fighting       | |  3.9

Action                   |  1- 3 |  4- 6 || total
-------------------------+-------+-------++-------
Melee: Short sword       |   103 |       ||   103
       Dagger            |    28 |   163 ||   191
 Stab: Sleeping          |     3 |     1 ||     4
  Eat: Chunk             |     8 |     9 ||    17
Armor: Robe              |     7 |       ||     7
       Ring mail         |    33 |    57 ||    90
Dodge: Dodged            |    73 |    71 ||   144
